 Dungeon Crawl Stone Soup version 0.30-a0-1035-g38d5fb2972 (webtiles) character file.

Game seed: 6825246735884007995

716 DeathPants the Stinger (level 7, 0/50 HPs)
             Began as a Ghoul Venom Mage on Apr 8, 2023.
             Slain by a jelly (1 damage)
             ... on level 5 of the Dungeon.
             The game lasted 00:18:54 (5658 turns).

DeathPants the Stinger (Ghoul Venom Mage)           Turns: 5658, Time: 00:18:55

Health: 0/50       AC:  0    Str: 12    XL:     7   Next: 69%
Magic:  28/28      EV: 12    Int: 12    God:
Gold:   222        SH:  0    Dex:  9    Spells: 6/12 levels left

rFire   . . .      SeeInvis .    a - +0 quarterstaff
rCold   + . .      Faith    .    (shield currently unavailable)
rNeg    + + +      Spirit   .    d - +2 robe
rPois   ∞          Reflect  .    (no helmet)
rElec   .          Rampage  .    k - +2 cloak
rCorr   .                        f - +0 pair of gloves
Will    .....                    (no boots)
Stlth   ++                       (no amulet)
HPRegen 0.00/turn                i - ring of magical power
MPRegen 0.21/turn                q - ring of magical power

@: corroded, inhibited regen
A: claws 1, cold resistance 1, negative energy resistance 3, inhibited
regeneration, torment resistance 2, devour on kill
a: no special abilities


You were on level 5 of the Dungeon.
You visited 1 branch of the dungeon, and saw 6 of its levels.

You collected 222 gold pieces.

Inventory:

Hand Weapons
 a - a +0 quarterstaff (weapon)
 b - a +2 dagger of flaming
 w - a +1 vampiric dagger
 y - a +1 war axe of flaming
Missiles
 j - 17 poisoned darts
 x - 5 javelins
Armour
 d - a +2 robe (worn)
 f - a +0 pair of gloves (worn)
 k - a +2 cloak (worn)
 o - an orb of energy
Jewellery
 e - a ring of protection from fire
 i - a ring of magical power (left hand)
 q - a ring of magical power (right hand)
Wands
 h - a wand of acid (7)
Scrolls
 c - 3 scrolls of enchant weapon
 l - a scroll of fear
 p - a scroll of immolation
 s - a scroll of amnesia
Potions
 g - 2 potions of resistance
 m - a potion of attraction
 n - 2 potions of brilliance {unknown}
 r - 4 potions of curing {unknown}
 t - 2 potions of flight {unknown}
 u - a potion of might {unknown}
 v - 2 potions of magic


   Skills:
 - Level 1.7 Dodging
 - Level 2.1 Stealth
 - Level 3.1 Spellcasting
 + Level 1.3 Conjurations
 - Level 1.0 Transmutations
 - Level 4.0 Air Magic
 - Level 6.0 Poison Magic


You had 6 spell levels left.
You knew the following spells:

 Your Spells              Type           Power      Damage    Failure   Level
a - Sting                 Tmut/Pois      40%        1d5       6%          1
b - Poisonous Vapours     Pois/Air       26%        N/A       4%          2
c - Mephitic Cloud        Conj/Pois/Air  10%        N/A       16%         3

Your spell library contained the following spells:

 Spells                   Type           Power      Damage    Failure   Level
 Olgreb's Toxic Radiance  Pois           16%        N/A       21%         4
 Iskenderun's Battlesphe  Conj           5%         2d6       98%         5
 Fireball                 Conj/Fire      1%         3d3       99%         5
 Conjure Ball Lightning   Conj/Air       4%         3x3d6     100%        6
 Orb of Destruction       Conj           2%         9d5       100%        7
 Discord                  Hex            0%         N/A       100%        8
 Disjunction              Tloc           0%         N/A       100%        8


Dungeon Overview and Level Annotations

Branches:
Dungeon (6/15)
 Temple: D:4-7

Altars:
Kikubaaqudgha
Qazlal
Xom

Shops:
D:2 [   D:4 *

Annotations:
D:5 Dowan, Duvessa


Innate Abilities, Weirdness & Mutations

You are immune to poison.
You have sharp fingernails.
Your flesh is cold resistant. (rC+)
You are immune to negative energy. (rN+++)
You do not regenerate when monsters are visible.
You are immune to unholy pain and torment.
You thrive by killing the living.


Message History

The orc closely misses you.
You hit the orc.
You kill the orc!
Things that are here:
a +0 hand axe; an orc corpse Magic restored.
You now have 212 gold pieces (gained 13).
You now have 222 gold pieces (gained 10).
A jelly comes into view.
The jelly quivers.
Aiming: Poisonous Vapours (safe; 4% risk of failure)
Press: ? - help, Q - select action, (/) - cycle Dir - move target, f - you That would be overly suicidal.
Okay, then.
Unknown command.
Casting: Poisonous Vapours (safe; 4% risk of failure)
Confirm with . or Enter, or press ? or * to list all spells.
You can't see any susceptible monsters within range! (Use Z to cast anyway.)
You thump the jelly! The acid corrodes you!
Your hands burn!
The jelly is heavily wounded.
The jelly hits you but does no damage.
You hit the jelly.
Your hands burn!
The jelly is heavily wounded.
The jelly closely misses you.
You hit the jelly.
Your hands burn!
The jelly is severely wounded.
The jelly hits you.
You are splashed with acid!
The jelly hits you.
You are splashed with acid!
You hit the jelly.
Your hands burn!
* * * LOW HITPOINT WARNING * * *
The jelly is severely wounded.
The jelly hits you.
* * * LOW HITPOINT WARNING * * *
The acid corrodes you!
You are splashed with acid!
* * * LOW HITPOINT WARNING * * *
You hit the jelly but do no damage.
Your hands burn!
* * * LOW HITPOINT WARNING * * *
The jelly is severely wounded.
The jelly hits you.
You die...

.................#
....e..?.......#
#.........†....#
#....s†.<....#
................# ....
.#..#..###.#..### ........
#####.#####..#
.......###.##..........###
#.....#.#@J.....#.##....#
#$........#$....#.##....#
#.........#..####.......#
##.........##.###.......#
#.........###..##......##
#...).....##...........#
###..................<...#
#...###.###.....##.......##
.........[##....###........#


You could see a jelly.

Vanquished Creatures
  Grinder (D:4)
  Menkaure (D:5)
  A scorpion (D:5)
  2 vampire bats (D:3)
  An orc priest (D:4)
  A hound (D:5)
  4 gnolls (D:4)
  3 adders
  A worm (D:2)
  A dart slug (D:1)
  9 orcs
  10 ball pythons
  3 bat skeletons (D:3)
  3 bat zombies (D:3)
  8 endoplasms
  14 giant cockroaches
  3 goblins (D:1)
  8 hobgoblins
  7 jackals
  6 quokkas
  10 bats
  3 frilled lizards
  7 kobolds
  5 rats
112 creatures vanquished.

Vanquished Creatures (others)
  5 dream sheep (D:4)
5 creatures vanquished.

Grand Total: 117 creatures vanquished

Notes
Turn   | Place    | Note
-------+----------+-------------------------------------------
     0 | D:1      | DeathPants the Ghoul Venom Mage began the quest for the
                  | Orb.
     0 | D:1      | Reached XP level 1. HP: 14/14 MP: 2/2
   251 | D:1      | Reached XP level 2. HP: 20/20 MP: 1/3
   702 | D:1      | Reached skill level 4 in Poison Magic
   831 | D:1      | Reached XP level 3. HP: 25/26 MP: 4/4
  1739 | D:2      | Found Ocrumong's Armour Shoppe.
  2045 | D:2      | Learned a level 2 spell: Poisonous Vapours
  2170 | D:2      | Reached XP level 4. HP: 32/33 MP: 5/5
  2408 | D:2      | Reached skill level 5 in Poison Magic
  3045 | D:3      | Found an ancient bone altar of Kikubaaqudgha.
  3099 | D:3      | Reached XP level 5. HP: 10/38 MP: 6/6
  3124 | D:3      | Reached skill level 6 in Poison Magic
  3514 | D:3      | Reached skill level 1 in Transmutations
  3796 | D:3      | Reached skill level 1 in Air Magic
  4218 | D:5      | Entered Level 5 of the Dungeon
  4240 | D:5      | Reached XP level 6. HP: 45/45 MP: 7/7
  4241 | D:5      | Noticed Duvessa
  4241 | D:5      | Noticed Dowan
  4326 | D:4      | Found Koeddegh's Lightly-Used Armoury.
  4360 | D:4      | Found a stormy altar of Qazlal.
  4687 | D:5      | Noticed Menkaure
  4690 | D:5      | Killed Menkaure
  4754 | D:4      | Noticed Grinder
  4796 | D:4      | Reached XP level 7. HP: 11/50 MP: 8/8
  4964 | D:4      | Killed Grinder
  4969 | D:4      | Learned a level 3 spell: Mephitic Cloud
  5376 | D:4      | Noticed a dream sheep
  5376 | D:4      | Noticed a dream sheep
  5376 | D:4      | Noticed a dream sheep
  5376 | D:4      | Noticed a dream sheep
  5376 | D:4      | Noticed a dream sheep
  5376 | D:4      | Found a shimmering altar of Xom.
  5381 | D:4      | Killed a dream sheep
  5381 | D:4      | Killed a dream sheep
  5381 | D:4      | Killed a dream sheep
  5381 | D:4      | Killed a dream sheep
  5381 | D:4      | Killed a dream sheep
  5606 | D:5      | Reached skill level 1 in Conjurations
  5658 | D:5      | HP: 1/50 [acid (5)]
  5658 | D:5      | Slain by a jelly

Illustrated notes

Levels and vault maps discovered:
D:1:      dpeg_arrival_signposts, layout_loops_corners, minmay_quantized
D:2:      layout_basic, serial_shops, nicolae_lakefront_shop
D:3:      minmay_roachtagon, layout_loops_corners, kennysheep_vampire_church,
          kennysheep_nondescript
D:4:      layout_loops_ring, general_overflow_altar, kb_xom_exploding_sheep,
          gup_sewer_entry_pipe, minmay_shop_damaged, nicolae_underground_beach,
          uniq_grinder
D:5:      layout_cave_pools, uniq_duvessa, uniq_menkaure
D:6:      layout_basic, enter_ossuary_2, amcnicky_mini_corridor_feature

Skill      XL: |  1  2  3  4  5  6  7 |
---------------+----------------------+-----
Poison Magic   | 4 5 6 |  6.0
Transmutations | 1 |  1.0
Air Magic      | 1 3 4 |  4.0
Spellcasting   | 3 |  3.1
Conjurations   | 1 |  1.3
Dodging        | |  1.7
Stealth        | |  2.1

Action                     |  1- 3 |  4- 6 |  7- 9 || total
---------------------------+-------+-------+-------++-------
  Melee: Dagger            |   120 |   207 |       ||   327
         Unarmed           |     1 |       |       ||     1
         Punch             |     1 |     4 |       ||     5
         Quarterstaff      |       |    30 |    16 ||    46
         War axe           |       |     6 |       ||     6
  Throw: Dart              |     2 |       |       ||     2
   Cast: Sting             |    41 |    75 |     7 ||   123
         Poisonous Vapours |       |     4 |    16 ||    20
  Evoke: Wand              |       |     3 |     3 ||     6
    Use: Scroll            |       |    16 |       ||    16
   Stab: Sleeping          |     2 |     1 |       ||     3
 Armour: Robe              |    38 |   192 |     6 ||   236
  Dodge: Dodged            |   112 |   291 |    10 ||   413

Table legend: (Time is in decaauts)
 A = Elapsed time spent in this place.
 B = Non-inter-level travel time spent in this place.
 C = Inter-level travel time spent in this place.
 D = Time resting spent in this place.
 E = Time spent auto-exploring this place.
 F = Levels seen in this place.
 G = Mean time per level.
                   A        B        C        D        E       F      G
               +--------+--------+--------+--------+--------+-----+--------+
         Total |   5685 |   5489 |    196 |     17 |   4063 |   6 |  947.5 |
       Dungeon |   5685 |   5489 |    196 |     17 |   4063 |   6 |  947.5 |
               +--------+--------+--------+--------+--------+-----+--------+

Top non-repeatable levels by time:
     D:2: 1457 daAuts
     D:3: 1390 daAuts
     D:4: 1352 daAuts
     D:1: 1351 daAuts
     D:5: 132 daAuts
     D:6: 1 daAuts
